 Dungeon Crawl Stone Soup version 0.28-a0-1389-gc726bef33b (webtiles) character file.

Game seed: 17642926846971359842

128 SensoryNuts the Covered (level 4, 0/35 HPs)
             Began as a Demonspawn Fighter on Jan 3, 2022.
             Was a Believer of Qazlal.
             Succumbed to a kobold's poison
             ... on level 3 of the Dungeon.
             The game lasted 00:02:05 (2258 turns).

SensoryNuts the Covered (Demonspawn Fighter)        Turns: 2258, Time: 00:02:05

Health: 0/35       AC: 14    Str: 18    XL:     4   Next: 87%
Magic:  4/4        EV:  9    Int:  9    God:    Qazlal [**....]
Gold:   189        SH:  7    Dex: 11    Spells: 3/3 levels left

rFire   . . .      SeeInvis .   a - +0 long sword
rCold   . . .      Faith    .   c - +0 buckler
rNeg    . . .      Spirit   .   b - +0 scale mail
rPois   .          Reflect  .   (helmet restricted)
rElec   .          Harm     .   (no cloak)
rCorr   .          Rampage  .   (no gloves)
Will    .....                   h - +0 pair of boots
Stlth   ..........              (no amulet)
HPRegen 0.11/turn               (no ring)
MPRegen 0.09/turn               (no ring)

@: lethally poisoned (0 -> -3), sanguine armoured
A: sanguine armour 1, demonic magic 1, horns 1, clumsy 1
a: Renounce Religion, Upheaval


You were on level 3 of the Dungeon.
You worshipped Qazlal.
Qazlal was pleased with you.
You visited 1 branch of the dungeon, and saw 3 of its levels.

You collected 189 gold pieces.

Inventory:

Hand Weapons
 a - a +0 long sword (weapon)
Armour
 b - a +0 scale mail (worn)
 c - a +0 buckler (worn)
 h - a +0 pair of boots (worn)
Scrolls
 g - a scroll of teleportation
 i - a scroll of noise
Potions
 d - a potion of might


   Skills:
 + Level 3.3 Fighting
 + Level 2.9 Long Blades
 + Level 3.6 Armour
 + Level 0.7 Dodging
 + Level 0.6 Stealth
 + Level 3.2 Shields


You had 3 spell levels left.
You didn't know any spells.
Your spell library contained the following spells:

 Spells                   Type           Power      Damage    Failure   Level
 Ensorcelled Hibernation  Hex/Ice        0%         N/A       91%         2
 Tukima's Dance           Hex            0%         N/A       99%         3
 Enfeeble                 Hex            0%         N/A       100%        7


Dungeon Overview and Level Annotations

Branches:
Dungeon (3/15)

Altars:
Qazlal

Shops:
D:2 ::


Innate Abilities, Weirdness & Mutations

When seriously injured, your blood forms armour. (AC +6)
Spells you cast may paralyse adjacent enemies.
You have a pair of small horns on your head.
You are clumsy. (Dex -2)


Message History

a +0 flail; a gnoll corpse A gnoll comes into view.
It is wielding a +0 whip.
A gnoll is nearby!
A gnoll is nearby!
A gnoll is nearby!
The gnoll hits you but does no damage.
You hit the gnoll. You headbutt the gnoll.
The gnoll is severely wounded.
The gnoll hits you with a +0 whip.
* * * LOW HITPOINT WARNING * * *
A kobold comes into view. It is wielding a +1 dagger of venom.
You hit the gnoll.
The gnoll is severely wounded.
The gnoll barely misses you. x2
You barely miss the gnoll.
The gnoll is severely wounded.
The gnoll hits you but does no damage.
You hit the gnoll but do no damage.
The gnoll is severely wounded.
You block the gnoll's attack.
You barely miss the gnoll. Your headbutt misses the gnoll.
The gnoll is severely wounded.
The gnoll is struck by lightning.
You kill the gnoll!
Qazlal accepts your kill. The kobold hits you but does no damage.
You are poisoned.
Things that are here:
a +0 whip; a gnoll corpse You closely miss the kobold.
* * * LOW HITPOINT WARNING * * *
You feel sick.
The kobold hits you with a +1 dagger of venom.
* * * LOW HITPOINT WARNING * * *
You barely miss the kobold.
* * * LOW HITPOINT WARNING * * *
You feel sick. The kobold closely misses you. You block the kobold's attack.
You hit the kobold.
The kobold is heavily wounded.
You die...

##...### #..#...###
##.####...#####
#..#..###.....### ##.##
. ##.##...# #..#..#.
#..#..#...#
##?##....##.##.####...#
#...###..K..#..#..###...
#.#...####@##.##....##.#
#.###.).#..#..#..#..#..
#. ###)).##.##....##.#
.. ###.#...#.#..#..# .#
#####.).####.# ?.
.###...#..# ...###...#
#...###.# #...#.#


You could see a kobold.

Vanquished Creatures
  A hound (D:2)
  3 gnolls (D:3)
  2 adders (D:2)
  2 worms
  2 dart slugs
  4 ball pythons
  3 bats
  3 endoplasms
  3 goblins
  7 hobgoblins
  6 kobolds
  3 quokkas
  A frilled lizard (D:2)
  3 rats
43 creatures vanquished.

Notes
Turn   | Place    | Note
-------+----------+-------------------------------------------
     0 | D:1      | SensoryNuts the Demonspawn Fighter began the quest for the
                  | Orb.
     0 | D:1      | Reached XP level 1. HP: 18/18 MP: 1/1
    92 | D:1      | Gained mutation: Spells you cast may paralyse adjacent
                  | enemies. [demonic ancestry]
    92 | D:1      | Reached XP level 2. HP: 19/24 MP: 2/2
   273 | D:1      | Found a faded altar of an unknown god.
   307 | D:1      | Prayed at the altar of an unknown god.
   307 | D:1      | Became a worshipper of Qazlal Stormbringer
   307 | D:1      | Reached * piety under Qazlal
  1250 | D:2      | Gained mutation: When seriously injured, your blood forms
                  | armour. (AC +6) [demonic ancestry]
  1250 | D:2      | Reached XP level 3. HP: 29/29 MP: 3/3
  1303 | D:2      | Reached XP level 4. HP: 32/35 MP: 4/4
  1374 | D:2      | Found Ufiech's Book Emporium.
  1700 | D:2      | Found Fomyqept's Book Shop.
  1802 | D:2      | Gained mutation: You are clumsy. (Dex -2) [potion of
                  | mutation]
  1802 | D:2      | Gained mutation: You have a pair of small horns on your
                  | head. [potion of mutation]
  2241 | D:3      | Reached ** piety under Qazlal
  2258 | D:3      | Succumbed to a kobold's poison

Illustrated notes

Levels and vault maps discovered:
D:1:      minmay_arrival_cross, layout_rooms,
          hellmonk_ecumenical_altar_pennies_from_heaven, minivault_24,
          hex_large, grunt_decor_clamped, interstate_on_off,
          hangedman_feature_mirror
D:2:      layout_basic, serial_shops, shop_coins, nicolae_square_shop
D:3:      minmay_skewed_foursquare, layout_loops_cross,
          eat_drink_and_be_merry_uskayaw, general_overflow_altar,
          minmay_fountain_box

Skill      XL: |  1  2 |
---------------+-------+-----
Long Blades    | 2 |  2.9
Shields        | 3 |  3.2
Armour         | 3 |  3.6
Fighting       | |  3.3
Dodging        | |  0.7
Stealth        | |  0.6

Action                   |  1- 3 |  4- 6 || total
-------------------------+-------+-------++-------
Melee: Long sword        |    88 |    60 ||   148
       Headbutt          |       |     3 ||     3
  Use: Scroll            |     2 |     2 ||     4
       Potion            |       |     2 ||     2
Armor: Scale mail        |    54 |    27 ||    81
Dodge: Dodged            |    44 |    17 ||    61
Block: Buckler           |    28 |    18 ||    46

Table legend: (Time is in decaauts)
 A = Elapsed time spent in this place.
 B = Non-inter-level travel time spent in this place.
 C = Inter-level travel time spent in this place.
 D = Time resting spent in this place.
 E = Time spent auto-exploring this place.
 F = Levels seen in this place.
 G = Mean time per level.
                   A        B        C        D        E       F      G
               +--------+--------+--------+--------+--------+-----+--------+
         Total |   2305 |   2249 |     56 |    222 |   1665 |   3 |  768.3 |
       Dungeon |   2305 |   2249 |     56 |    222 |   1665 |   3 |  768.3 |
               +--------+--------+--------+--------+--------+-----+--------+

Top non-repeatable levels by time:
     D:1: 1262 daAuts
     D:2: 831 daAuts
     D:3: 211 daAuts
